 Dungeon Crawl Stone Soup version 0.24.1-4-ge52af88ad5 (webtiles) character file.

Game seed: 11943467229572350044, levelgen mode: deterministic

31 Amplified the Caller (level 3, 0/23 HPs)
             Began as an Octopode Summoner on Apr 16, 2020.
             Succumbed to an adder's poison
             ... on level 2 of the Dungeon.
             The game lasted 00:01:22 (729 turns).

Amplified the Caller (Octopode Summoner)             Turns: 729, Time: 00:01:23

Health: 0/23       AC:  1    Str:  8    XL:     3   Next: 22%
Magic:  2/6        EV: 13    Int: 17    God:
Gold:   30         SH:  0    Dex: 12    Spells: 5/6 levels left

rFire    . . .     SeeInvis .   d - +0 whip
rCold    . . .     Gourm    .   (no shield)
rNeg     . . .     Faith    .   (helmet restricted)
rPois    .         Spirit   +   a - amulet of guardian spirit
rElec    .         Reflect  .   (no ring)
rCorr    .         Harm     .   (no ring)
MR       .....                  (no ring)
Stlth    +++.......             (no ring)
HPRegen  0.07/turn              (no ring)
MPRegen  0.10/turn              (no ring)
                                (no ring)
                                (no ring)

@: lethally poisoned (0 -> -7)
A: almost no armour, stealthy swim, amphibious, 8 rings, constrict 8, camouflage
1, gelatinous body 1
a: no special abilities


You were on level 2 of the Dungeon.
You were not hungry.

You visited 1 branch of the dungeon, and saw 2 of its levels.

You collected 30 gold pieces.

Inventory:

Hand Weapons
 d - a +0 whip (weapon)
Jewellery
 a - an amulet of guardian spirit (around mantle)
Potions
 f - a potion of magic
Comestibles
 b - 3 rations


   Skills:
 * Level 1.2 Fighting
 * Level 2.4 Dodging
 - Level 2.6 Stealth
 * Level 2.4 Spellcasting
 * Level 4.2 Summonings


You had 5 spell levels left.
You knew the following spells:

 Your Spells              Type           Power        Failure   Level  Hunger
a - Summon Small Mammal   Summ           ###.         3%          1    #......

Your spell library contained the following spells:

 Spells                   Type           Power        Failure   Level  Hunger
 Call Imp                 Summ           ###.....     4%          2    ##.....
 Call Canine Familiar     Summ           ###.....     10%         3    ###....
 Summon Guardian Golem    Hex/Summ       #.......     24%         3    ###....
 Summon Ice Beast         Ice/Summ       #.......     61%         4    #####..
 Summon Lightning Spire   Summ/Air       #.......     61%         4    #####..


Dungeon Overview and Level Annotations

Branches:
Dungeon (2/15)

Altars:


Innate Abilities, Weirdness & Mutations

You cannot wear most types of armour.
You are very stealthy in the water. (Stealth+)
You are amphibious.
You can wear up to eight rings at the same time.
You can use your tentacles to constrict eight enemies at once.
Your skin changes colour to match your surroundings (Stealth+).
Your rubbery body absorbs attacks. (AC +1, EV +1)


Message History

You squeeze the giant cockroach.
You kill the giant cockroach!
* * * LOW HITPOINT WARNING * * *
You feel sick.
* * * LOW HITPOINT WARNING * * *
You feel sick.
You see here a ration.
Okay, then.
You aren't carrying any scrolls.
Unknown command.
Memorise Call Imp, consuming 2 spell levels and leaving 3?
Your memorisation is interrupted.
* * * LOW HITPOINT WARNING * * *
You feel sick.
Okay, then.
* * * LOW HITPOINT WARNING * * *
You feel sick.
* * * LOW HITPOINT WARNING * * *
You feel sick.
You die...

#...######.# ... #...#
#.# ....####### #...# #.#
..........###...# #.#
................# #.#
................# ##'###
................# #.....
##.............#####.....
#......r@=...............
#......†.###########.....
#...?....+ .......#.....
#$.......# .............
#........# ######.#.....
#........# #.#<#...
#.....#### ........#.##
#..... #########.# #.....
.#


You could see a friendly rat.

Vanquished Creatures
  An adder (D:2)
  6 bats (D:1)
  3 giant cockroaches
  3 goblins (D:1)
  2 hobgoblins (D:1)
  5 frilled lizards
  3 rats (D:1)
23 creatures vanquished.

Notes
Turn   | Place    | Note
-------+----------+-------------------------------------------
     0 | D:1      | Amplified the Octopode Summoner began the quest for the
                  | Orb.
     0 | D:1      | Reached XP level 1. HP: 11/11 MP: 3/3
   216 | D:1      | Reached XP level 2. HP: 18/18 MP: 5/5
   553 | D:1      | Reached skill level 1 in Fighting
   720 | D:2      | Reached XP level 3. HP: 7/23 MP: 1/6
   727 | D:2      | HP: 1/23 [poisoned by an adder]
   729 | D:2      | Succumbed to an adder's poison

Levels and vault maps discovered:
D:1:      ebering_hopf_link, layout_basic, kennysheep_doodads
D:2:      layout_basic, uniq_sigmund

Skill      XL: |  1  2 |
---------------+-------+-----
Fighting       | 1 |  1.2
Dodging        | |  2.4
Stealth        | |  2.6
Spellcasting   | |  2.4
Summonings     | |  4.2

Action                   || total
-------------------------++-------
Melee: Unarmed           ||    18
       Constrict         ||    22
       Tentacles         ||     8
       Whip              ||    35
 Cast: Summon Small Mamm ||     1
  Use: Scroll            ||     3
       Potion            ||     1
 Stab: Sleeping          ||     7
Armor: Skin              ||     5
Dodge: Dodged            ||    50
